Map: Ephemeron LE

Players

Gemini

  • Race: Protoss Protoss
  • League: Grandmaster
  • Spawn Location: 11:00

A.I. 1 (Very Easy) - Winner!

  • Race: Terran Terran
  • Spawn Location: 5:00

VOD

Have the link to the VOD?

Description

Time

  • Played on: Dec. 8, 2019, 11:57 a.m.
  • Length: 7:02
Show
View Real Time Build Order
Export as new Build Order

Gemini Protoss 

Build Orders: 1 Gate Expand, Colossus Rush 

Get SALT Encoding   

  12  0:01  Probe  
  13  0:13  Probe  
  14  0:18  Pylon  
  14  0:25  Probe (Chrono Boost)  
  15  0:37  Gateway, Probe (Chrono Boost)  
  16  0:44  Probe (Chrono Boost)  
  16  0:46  Assimilator  
  17  0:51  Probe  
  18  1:04  Probe  
  19  1:16  Probe  
  20  1:23  Nexus  
  20  1:33  Cybernetics Core  
  20  1:37  Probe  
  21  1:43  Assimilator  
  21  1:49  Probe  
  21  1:53  Pylon  
  22  2:01  Probe  
  23  2:08  Adept (Chrono Boost)  
  23  2:11  Warp Gate  
  23  2:13  Probe  
  26  2:26  Probe (Chrono Boost)  
  27  2:31  Robotics Facility, Stalker  
  27  2:35  Probe (Chrono Boost)  
  30  2:38  Probe (Chrono Boost)  
  31  2:46  Probe (Chrono Boost)  
  31  2:48  Probe (Chrono Boost)  
  31  2:51  Probe (Chrono Boost)  
  32  2:55  Probe  
  34  3:01  Sentry  
  34  3:02  Probe  
  37  3:07  Probe  
  38  3:14  Probe  
  38  3:19  Gateway, Probe  
  40  3:20  Gateway  
  40  3:21  Observer (Chrono Boost)  
  40  3:26  Probe  
  42  3:27  Pylon  
  42  3:32  Probe  
  43  3:38  Observer, Assimilator  
  43  3:40  Assimilator  
  45  3:41  Probe (Chrono Boost)  
  45  3:44  Probe (Chrono Boost)  
  45  3:47  Robotics Bay  
  46  3:49  Pylon  
  46  3:53  Probe (Chrono Boost)  
  46  3:54  Probe (Chrono Boost)  
  48  3:58  Probe (Chrono Boost)  
  48  4:02  Probe  
  50  4:03  Observer  
  51  4:10  Probe  
  51  4:12  Forge  
  51  4:14  Probe, Pylon  
  53  4:28  Stalker  
  53  4:29  Stalker  
  53  4:30  Stalker  
  59  4:33  Colossus (Chrono Boost)  
  65  4:42  Protoss Ground Weapons Level 1 (Chrono Boost)  
  65  4:48  Pylon  
  65  4:53  Nexus  
  65  4:57  Pylon  
  65  5:06  Extended Thermal Lance  
  65  5:15  Probe x2  
  65  5:16  Colossus (Chrono Boost)  
  65  5:21  Pylon  
  73  5:32  Gateway x2  
  73  5:36  Gateway  
  73  5:39  Twilight Council  
  73  5:41  Probe x2  
  75  5:46  Sentry  
  75  5:48  Sentry  
  79  5:53  Colossus (Chrono Boost), Probe x2  
  87  6:05  Probe x2  
  87  6:06  Probe  
  90  6:17  Probe  
  90  6:18  Stalker x3, Probe  
  92  6:21  Probe  
  99  6:29  Pylon  
  99  6:30  Probe x2  
  101  6:39  Probe  
  102  6:40  Gateway  
  102  6:42  Probe x2  
  102  6:43  Gateway  
  104  6:52  Templar Archives  
  106  6:57  Assimilator x2  
Show
View Real Time Build Order
Export as new Build Order

A.I. 1 (Very Easy) Terran - Winner!

Build Orders:  

Get SALT Encoding   

  12  0:00  SCV  
  13  0:13  SCV  
  14  0:18  Supply Depot  
  14  0:37  Refinery  
  14  0:43  Barracks  
  14  1:03  Supply Depot  
  14  1:12  Refinery  
  14  1:30  Orbital Command, Marine  
  15  1:55  SCV  
  16  2:02  Marine  
  16  2:07  SCV  
  18  2:20  SCV  
  19  2:32  SCV  
  19  2:35  Marine  
  21  2:44  SCV  
  22  2:56  SCV  
  23  5:46  SCV, Marine  
  23  5:48  Supply Depot  
  25  5:50  Factory  
  25  6:09  SCV  
  26  6:12  Supply Depot  
  26  6:20  Barracks Tech Lab  
  26  6:21  SCV  
  24  6:34  SCV, Starport  
  24  6:38  Marine  
  26  6:42  Command Center  
  26  6:46  SCV  
Tags
 
Add a new tag
Caveats
  • Supply blocks, unpowered buildings, or Contaminate may cause inaccurate times.
  • Supply counts are checked every 10 seconds.